 Dungeon Crawl Stone Soup version 0.28-a0-1447-ga5a8893891 (webtiles) character file.

Game seed: 17882079390606434258

136 shadowrider38 the Skirmisher (level 5, -2/57 HPs)
             Began as an Ogre Transmuter on Jan 10, 2022.
             Slain by a gnoll (3 damage)
             ... on level 2 of the Dungeon.
             The game lasted 00:04:01 (3630 turns).

shadowrider38 the Skirmisher (Ogre Transmuter)      Turns: 3630, Time: 00:04:02

Health: -2/57      AC:  3    Str: 14    XL:     5   Next: 19%
Magic:  8/8        EV:  9    Int: 16    God:
Gold:   94         SH:  0    Dex:  9    Spells: 7/8 levels left

rFire   . . .      SeeInvis .   a - +0 trident (vamp)
rCold   . . .      Faith    .   (no shield)
rNeg    . . .      Spirit   .   e - +0 robe
rPois   .          Reflect  .   (helmet restricted)
rElec   .          Harm     .   (no cloak)
rCorr   .          Rampage  .   (gloves unavailable)
Will    .....                   (boots unavailable)
Stlth   +.........              (no amulet)
HPRegen 0.19/turn               (no ring)
MPRegen 0.11/turn               (no ring)

@: no status effects
A: large, unfitting armour, tough skin 1
a: no special abilities


You were on level 2 of the Dungeon.
You visited 1 branch of the dungeon, and saw 3 of its levels.

You collected 94 gold pieces.

Inventory:

Hand Weapons
 a - a +0 vampiric trident (weapon)
Missiles
 i - 23 stones
Armour
 e - a +0 robe (worn)
Scrolls
 c - a scroll of immolation {unknown}
 d - 3 scrolls of identify {unknown}
 f - a scroll of noise {unknown}
 g - a scroll of enchant armour {unknown}
 h - a scroll of fear {unknown}
Potions
 b - 2 potions of heal wounds {unknown}
 j - a potion of brilliance {unknown}


   Skills:
 - Level 5.0 Fighting
 - Level 1.7 Dodging
 - Level 2.6 Unarmed Combat
 - Level 2.4 Spellcasting
 + Level 3.3 Transmutations


You had 7 spell levels left.
You knew the following spells:

 Your Spells              Type           Power      Damage    Failure   Level
a - Beastly Appendage     Tmut           24%        N/A       4%          1

Your spell library contained the following spells:

 Spells                   Type           Power      Damage    Failure   Level
 Wereblood                Tmut           12%        N/A       8%          2
 Spider Form              Tmut/Pois      7%         N/A       30%         3
 Ice Form                 Ice/Tmut       7%         N/A       69%         4


Dungeon Overview and Level Annotations

Branches:
Dungeon (3/15)

Altars:


Innate Abilities, Weirdness & Mutations

You are too large for most types of armour.
You have tough skin. (AC +1)


Message History

The gnoll misses you.
You hit the gnoll but do no damage.
The gnoll is moderately wounded.
The gnoll hits you with a +0 club!
The gnoll hits you from afar with a +0 spear.
You hit the gnoll.
The gnoll is heavily wounded.
The gnoll hits you but does no damage.
The gnoll hits you from afar with a +0 spear.
The gnoll hits you with a +0 club.
You barely miss the gnoll. You claw the gnoll.
The gnoll is almost dead.
The gnoll hits you from afar with a +0 spear!
The gnoll hits you with a +0 club.
You closely miss the gnoll.
The gnoll is almost dead.
Your horns disappear.
Your talons disappear.
The gnoll barely misses you. The gnoll hits you with a +0 club.
The gnoll barely misses you.
You closely miss the gnoll.
The gnoll is almost dead.
The gnoll hits you with a +0 club!
The gnoll hits you from afar with a +0 spear!
* * * LOW HITPOINT WARNING * * *
The gnoll hits you with a +0 club.
* * * LOW HITPOINT WARNING * * *
You barely miss the gnoll.
The gnoll is almost dead.
The gnoll closely misses you. The gnoll hits you with a +0 club.
* * * LOW HITPOINT WARNING * * *
You closely miss the gnoll.
The gnoll is almost dead.
The gnoll closely misses you. The gnoll hits you but does no damage.
The gnoll barely misses you.
You closely miss the gnoll.
The gnoll is almost dead.
The gnoll hits you with a +0 club.
* * * LOW HITPOINT WARNING * * *
The gnoll barely misses you. The gnoll hits you with a +0 club.
You die...

#.....# #.....### #.......#
####.....#.######################
.................................
.........#.######################
....######.# #.......#
....######.#######.......#####
...>.........)..@gg..........###
....######.#.#.###.............#
....#....#.#.#.# #######.......##
....#....#.#.#.# #.........
....#....'...#.# #####..#..
###.#....#.###.# ##.#..
....#....'.###.# #...[
#####....#.(...### ##...
....#####........# #...


You could see 2 gnolls.

Vanquished Creatures
  Jessica (D:2)
  Terence (D:2)
  3 adders (D:2)
  A gnoll (D:1)
  2 dart slugs
  4 endoplasms (D:1)
  A giant cockroach (D:2)
  2 goblins (D:1)
  6 hobgoblins
  6 kobolds
  3 quokkas
  2 ball pythons
  6 bats
  2 frilled lizards
  4 rats
44 creatures vanquished.

Notes
Turn   | Place    | Note
-------+----------+-------------------------------------------
     0 | D:1      | shadowrider38 the Ogre Transmuter began the quest for the
                  | Orb.
     0 | D:1      | Reached XP level 1. HP: 19/19 MP: 3/3
    50 | D:1      | Reached skill level 2 in Fighting
   513 | D:1      | Reached XP level 2. HP: 25/29 MP: 3/5
   563 | D:1      | Reached skill level 3 in Fighting
  1064 | D:1      | Reached XP level 3. HP: 39/39 MP: 4/6
  1194 | D:1      | Reached skill level 4 in Fighting
  1815 | D:2      | Found a faded altar of an unknown god.
  2265 | D:2      | Noticed Jessica
  2276 | D:2      | Killed Jessica
  2277 | D:2      | Reached skill level 5 in Fighting
  2277 | D:2      | Reached XP level 4. HP: 49/50 MP: 7/7
  3190 | D:2      | Noticed Terence
  3202 | D:2      | Killed Terence
  3203 | D:2      | Reached XP level 5. HP: 22/57 MP: 8/8
  3630 | D:2      | HP: 1/57 [gnoll (6)]
  3630 | D:2      | Slain by a gnoll

Illustrated notes

Levels and vault maps discovered:
D:1:      scummos_arrival_gate, layout_loops_ring, serial_forest,
          infiniplex_forest_lined_1, infiniplex_forest_straight_4,
          infiniplex_forest_lined_1, infiniplex_forest_clump_double,
          infiniplex_forest_clump_small
D:2:      layout_basic, ebering_ecumenical_altar_abandoned, uniq_terence,
          uniq_jessica
D:3:      layout_loops_ring, serial_shops, shop_statue, serial_forest,
          infiniplex_forest_straight_2, infiniplex_forest_clump_C,
          infiniplex_forest_clump_long, infiniplex_forest_clump_large,
          infiniplex_forest_lined_corner

Skill      XL: |  1  2  3  4 |
---------------+-------------+-----
Fighting       | 2 3 5 |  5.0
Transmutations | 2 3 |  3.3
Dodging        | |  1.7
Unarmed Combat | |  2.6
Spellcasting   | |  2.4

Action                   |  1- 3 |  4- 6 || total
-------------------------+-------+-------++-------
Melee: Unarmed           |    17 |       ||    17
       Headbutt          |     7 |     4 ||    11
       Short sword       |   101 |    36 ||   137
       Kick              |    14 |     6 ||    20
       Punch             |     2 |       ||     2
       Flail             |       |    14 ||    14
       Trident           |       |    11 ||    11
 Cast: Beastly Appendage |    19 |     9 ||    28
Armor: Robe              |    31 |    14 ||    45
Dodge: Dodged            |    58 |    36 ||    94

Table legend: (Time is in decaauts)
 A = Elapsed time spent in this place.
 B = Non-inter-level travel time spent in this place.
 C = Inter-level travel time spent in this place.
 D = Time resting spent in this place.
 E = Time spent auto-exploring this place.
 F = Levels seen in this place.
 G = Mean time per level.
                   A        B        C        D        E       F      G
               +--------+--------+--------+--------+--------+-----+--------+
         Total |   3652 |   3557 |     95 |   1567 |   1512 |   3 | 1217.3 |
       Dungeon |   3652 |   3557 |     95 |   1567 |   1512 |   3 | 1217.3 |
               +--------+--------+--------+--------+--------+-----+--------+

Top non-repeatable levels by time:
     D:1: 2205 daAuts
     D:2: 1417 daAuts
     D:3: 29 daAuts
